 Dungeon Crawl Stone Soup version 0.31-a0-177-g4aa6249778 (webtiles) character file.

Game seed: 16674762672362096222

290 qw the Shooter (level 6, -7/57 HPs)
             Began as a Naga Hunter on June 18, 2023.
             Mangled by an ogre
             ... wielding a +0 giant club
              (20 damage)
             ... on level 4 of the Dungeon.
             The game lasted 00:01:12 (2811 turns).

qw the Shooter (Naga Hunter)                        Turns: 2811, Time: 00:01:12

Health: -7/57      AC:  3    Str: 13    XL:     6   Next: 32%
Magic:  6/6        EV:  9    Int: 10    God:
Gold:   147        SH:  0    Dex: 16    Spells: 5/5 levels left

rFire   . . .        Y - +2 shortbow
rCold   . . .        (shield currently unavailable)
rNeg    . . .        c - +0 leather armour
rPois   +            (no helmet)
rElec   .            (no cloak)
rCorr   +            (no gloves)
SInv    +            (no barding)
Will    .....        l - amulet of regeneration
Stlth   ++           i - ring of resist corrosion
HPRegen 1.09/turn    (no ring)
MPRegen 0.10/turn

%: no passive effects
@: very slow
A: AC +2, large, see invisible, deformed body, poison resistance, slowness 2,
spit poison 1, naga tail 1
a: Spit Poison


You were on level 4 of the Dungeon.
You visited 1 branch of the dungeon, and saw 4 of its levels.

You collected 147 gold pieces.


Innate Abilities, Weirdness & Mutations

Your serpentine skin is tough. (AC +2)
You have supernaturally acute eyesight. (SInv)
Armour fits poorly on your strangely shaped body.
Your system is resistant to poisons. (rPois)
You cover ground very slowly.
You can spit poison.
You have a snake-like lower body.


   Skills:
 + Level 3.7 Fighting
 - Level 6.0 Ranged Weapons
 - Level 1.5 Dodging
 - Level 1.5 Stealth


You had 5 spell levels left.
You didn't know any spells.
Your spell library was empty.

Inventory:

Hand Weapons
 Y - a +2 shortbow (weapon)
Armour
 c - a +0 leather armour (worn)
Jewellery
 i - a ring of resist corrosion (left hand)
 l - an amulet of regeneration (around neck)
Scrolls
 b - a scroll of brand weapon {unknown}
 h - a scroll of teleportation
Potions
 a - a potion of might {unknown}
 d - a potion of heal wounds
 e - a potion of enlightenment {unknown}
 f - a potion of berserk rage {unknown}
 g - a potion of invisibility {unknown}
 k - a potion of lignification {unknown}

Dungeon Overview and Level Annotations

Branches:
Dungeon (4/15)
 Temple: D:4-7

Altars:
Elyvilon
Fedhas
Zin


Message History

Enter note:
Enter note: You shoot an arrow.
The ogre shouts!
The arrow hits the orc priest!
The orc priest is severely wounded.
The orc priest looks more healthy.
The orc priest drinks a potion.
The orc priest is healed!
You shoot an arrow. The arrow hits the orc priest!
The orc priest is severely wounded.
You shoot an arrow. The arrow hits the orc priest.
The orc priest is almost dead.
You have got your breath back.
The orc priest hits you with a +0 short sword.
An endoplasm comes into view.
The orc priest barely misses you.
2806 ||| INVOKING Spit Poison.
Aiming: Spit Poison (1% risk of failure)
Press: ? - help, Shift-Dir - straight line, f/p - orc priest The splash of poison hits the orc priest.
The orc priest is poisoned.
The orc priest is almost dead.
You kill the orc priest!
You shoot an arrow. The arrow hits the ogre.
The ogre is lightly wounded.
The ogre barely misses you.
You shoot an arrow. The arrow hits the ogre.
The ogre is lightly wounded.
You shoot an arrow. The arrow hits the ogre!
The ogre is heavily wounded.
The ogre hits you with a +0 giant club!
You shoot an arrow. The arrow barely misses the ogre.
The endoplasm hits you.
The ogre hits you with a +0 giant club!!
You shoot an arrow. The arrow completely misses the ogre.
You have got your breath back.
The endoplasm hits you.
The orc hits you from afar with a +0 trident.
The ogre hits you with a +0 giant club!!
You die...

~~.#. ~~... # ........
.~.##. .#. .......
~~..... ..###...o.
~~~.... .......>
~~~..# .. #..... ~~~.#
..### #.o.
~~~#####...# #.J###
~~.###.....###.O@.#
~~.##...##..####..#
~~^.##.......#..)##
~~..#..#........##
~.~....#........#####
......##............#
......#....#..........
...........##........#
.......(##..#...#..###


You could see an ogre, an orc and an endoplasm.

Vanquished Creatures
  A hound (D:2)
  2 orc priests
  A jelly (D:4)
  Terence (D:2)
  4 adders
  A gnoll (D:1)
  A worm (D:3)
  5 orcs
  7 ball pythons
  8 bats
  7 endoplasms
  5 giant cockroaches
  13 goblins
  4 hobgoblins
  4 jackals (D:2)
  5 kobolds
  4 quokkas
  6 frilled lizards
  10 rats
89 creatures vanquished.

Notes
Turn   | Place    | Note
-------+----------+-------------------------------------------
     0 | D:1      | qw the Naga Hunter began the quest for the Orb.
     0 | D:1      | Reached XP level 1. HP: 19/19 MP: 1/1
     0 | D:1      | 0 ||| qw: Version: 0.3-a-5-g6f28e65
     0 | D:1      | 0 ||| qw: Game counter: 652
     0 | D:1      | 0 ||| qw: Always use a shield: true
     0 | D:1      | 0 ||| qw: God list: Okawaru
     0 | D:1      | 0 ||| qw: Allow faded altars: false
     0 | D:1      | 0 ||| qw: Do Orc after D:15 true
     0 | D:1      | 0 ||| qw: Do second Lair branch before Depths: true
     0 | D:1      | 0 ||| qw: Lair rune preference: random
     0 | D:1      | 0 ||| qw: Plans: Normal
     0 | D:1      | 0 ||| PLANNING D:1-11
    11 | D:1      | 11 ||| INVOKING Spit Poison.
    15 | D:1      | 15 ||| INVOKING Spit Poison.
    17 | D:1      | Reached skill level 4 in Ranged Weapons
    17 | D:1      | Reached XP level 2. HP: 16/26 MP: 2/2
    94 | D:1      | 94 ||| INVOKING Spit Poison.
   123 | D:1      | 123 ||| INVOKING Spit Poison.
   128 | D:1      | 128 ||| INVOKING Spit Poison.
   135 | D:1      | 135 ||| INVOKING Spit Poison.
   139 | D:1      | 139 ||| INVOKING Spit Poison.
   145 | D:1      | 145 ||| INVOKING Spit Poison.
   163 | D:1      | 163 ||| INVOKING Spit Poison.
   190 | D:1      | 190 ||| INVOKING Spit Poison.
   195 | D:1      | 195 ||| INVOKING Spit Poison.
   196 | D:1      | Reached XP level 3. HP: 32/32 MP: 3/3
   202 | D:1      | 202 ||| INVOKING Spit Poison.
   207 | D:1      | 207 ||| INVOKING Spit Poison.
   212 | D:1      | 212 ||| INVOKING Spit Poison.
   227 | D:1      | 227 ||| INVOKING Spit Poison.
   261 | D:1      | 261 ||| INVOKING Spit Poison.
   278 | D:1      | Found a faded altar of an unknown god.
   428 | D:1      | 428 ||| INVOKING Spit Poison.
   431 | D:1      | 431 ||| INVOKING Spit Poison.
   460 | D:1      | 460 ||| INVOKING Spit Poison.
   461 | D:1      | 461 ||| INVOKING Spit Poison.
   467 | D:1      | 467 ||| INVOKING Spit Poison.
   486 | D:1      | 486 ||| INVOKING Spit Poison.
   504 | D:1      | 504 ||| INVOKING Spit Poison.
   509 | D:1      | 509 ||| INVOKING Spit Poison.
   525 | D:1      | 525 ||| INVOKING Spit Poison.
   526 | D:1      | 526 ||| INVOKING Spit Poison.
   537 | D:1      | 537 ||| INVOKING Spit Poison.
   543 | D:1      | 543 ||| INVOKING Spit Poison.
   683 | D:1      | 683 ||| INVOKING Spit Poison.
   876 | D:1      | 876 ||| DROPPING ring of magical power.
   877 | D:1      | 877 ||| UPGRADING to ring of resist corrosion.
   878 | D:1      | 878 ||| READING scroll labelled DYDE TUCIQEOWN.
   879 | D:1      | 879 ||| READING scroll labelled KANYMI GIRCHI.
   937 | D:1      | 937 ||| DROPPING scroll of butterflies.
   966 | D:2      | 966 ||| INVOKING Spit Poison.
   980 | D:2      | 980 ||| INVOKING Spit Poison.
   997 | D:2      | 997 ||| INVOKING Spit Poison.
  1003 | D:2      | 1003 ||| INVOKING Spit Poison.
  1006 | D:2      | 1006 ||| INVOKING Spit Poison.
  1008 | D:2      | HP: 7/32 [hound (4)]
  1010 | D:2      | Reached skill level 5 in Ranged Weapons
  1010 | D:2      | Reached XP level 4. HP: 9/39 MP: 4/4
  1153 | D:2      | 1153 ||| INVOKING Spit Poison.
  1158 | D:2      | 1158 ||| INVOKING Spit Poison.
  1163 | D:2      | 1163 ||| INVOKING Spit Poison.
  1170 | D:2      | 1170 ||| INVOKING Spit Poison.
  1174 | D:2      | 1174 ||| INVOKING Spit Poison.
  1176 | D:2      | HP: 9/39 [adder (4)]
  1410 | D:2      | 1410 ||| INVOKING Spit Poison.
  1432 | D:2      | 1432 ||| INVOKING Spit Poison.
  1456 | D:2      | 1456 ||| INVOKING Spit Poison.
  1583 | D:2      | 1583 ||| INVOKING Spit Poison.
  1588 | D:2      | 1588 ||| INVOKING Spit Poison.
  1835 | D:2      | Noticed Terence
  1837 | D:2      | 1837 ||| INVOKING Spit Poison.
  1842 | D:2      | HP: 9/40 [Terence/+0 flail (4)]
  1844 | D:2      | 1844 ||| INVOKING Spit Poison.
  1844 | D:2      | Killed Terence
  1845 | D:2      | Reached skill level 3 in Fighting
  1845 | D:2      | Reached XP level 5. HP: 12/49 MP: 5/5
  2017 | D:2      | 2017 ||| UPGRADING to amulet of regeneration.
  2022 | D:2      | 2022 ||| READING scroll labelled KUTEOB GAKEFEE.
  2023 | D:2      | 2023 ||| READING scroll labelled XAAMME KOCAMP.
  2024 | D:2      | 2024 ||| READING 2 scrolls labelled CEULLO ARELUYRCH.
  2025 | D:2      | 2025 ||| READING scroll labelled FOUTEH CORCHEGH.
  2026 | D:2      | 2026 ||| READING scroll labelled LORGHI JOC IMN.
  2031 | D:2      | 2031 ||| READING scroll labelled KOEPUAHA PYMED.
  2032 | D:2      | 2032 ||| READING scroll labelled CABLOI UBONAUC.
  2033 | D:2      | 2033 ||| DROPPING scroll of noise.
  2056 | D:3      | 2056 ||| INVOKING Spit Poison.
  2071 | D:3      | 2071 ||| INVOKING Spit Poison.
  2094 | D:3      | 2094 ||| INVOKING Spit Poison.
  2114 | D:3      | 2114 ||| READING scroll of enchant weapon.
  2114 | D:3      | 2114 ||| ENCHANTING +1 shortbow.
  2182 | D:3      | 2182 ||| INVOKING Spit Poison.
  2187 | D:3      | 2187 ||| INVOKING Spit Poison.
  2207 | D:3      | 2207 ||| INVOKING Spit Poison.
  2323 | D:3      | 2323 ||| INVOKING Spit Poison.
  2324 | D:3      | 2324 ||| INVOKING Spit Poison.
  2330 | D:3      | 2330 ||| INVOKING Spit Poison.
  2335 | D:3      | 2335 ||| INVOKING Spit Poison.
  2337 | D:3      | 2337 ||| FLEEEEING.
  2339 | D:3      | 2339 ||| FLEEEEING.
  2340 | D:3      | 2340 ||| FLEEEEING.
  2342 | D:3      | 2342 ||| FLEEEEING.
  2347 | D:3      | 2347 ||| INVOKING Spit Poison.
  2354 | D:3      | 2354 ||| INVOKING Spit Poison.
  2377 | D:3      | 2377 ||| INVOKING Spit Poison.
  2398 | D:3      | 2398 ||| INVOKING Spit Poison.
  2408 | D:3      | 2408 ||| INVOKING Spit Poison.
  2473 | D:3      | 2473 ||| DRINKING 2 fuming brown potions.
  2474 | D:3      | 2474 ||| DRINKING 2 glowing red potions.
  2481 | D:3      | 2481 ||| DROPPING potion of magic.
  2482 | D:3      | 2482 ||| DROPPING potion of ambrosia.
  2502 | D:4      | Reached skill level 6 in Ranged Weapons
  2502 | D:4      | Reached XP level 6. HP: 56/56 MP: 6/6
  2548 | D:4      | Found a glowing silver altar of Zin.
  2548 | D:4      | Found a white marble altar of Elyvilon.
  2624 | D:4      | 2624 ||| INVOKING Spit Poison.
  2667 | D:4      | 2667 ||| INVOKING Spit Poison.
  2683 | D:4      | 2683 ||| INVOKING Spit Poison.
  2701 | D:4      | Found a blossoming altar of Fedhas.
  2790 | D:4      | 2790 ||| INVOKING Spit Poison.
  2800 | D:4      | 2800 ||| INVOKING Spit Poison.
  2802 | D:4      | 2802 ||| Stepping ~*~*~tactically~*~*~ (outnumbered).
  2806 | D:4      | 2806 ||| INVOKING Spit Poison.
  2811 | D:4      | HP: 13/57 [orc/+0 trident (6)]
  2811 | D:4      | Mangled by an ogre

Levels and vault maps discovered:
D:1:      dpeg_arrival_round_c, layout_loops_ring,
          shapermc_ecumenical_altar_flowoftime, minmay_misc_feat_diagonals
D:2:      layout_loops_cross, serial_bayou_lagoon_b, uniq_terence
D:3:      layout_rooms, grunt_ministairs_11
D:4:      layout_cave_pools, lemuel_doored_altar,
          mainiacjoe_overflow_divided_tiny, chequers_serial_rivers_large_a,
          kennysheep_generic_room_6

Skill      XL: |  1  2  3  4  5 |
---------------+----------------+-----
Ranged Weapons | 4 5 6 |  6.0
Fighting       | 3 |  3.7
Dodging        | |  1.5
Stealth        | |  1.5

Action                     |  1- 3 |  4- 6 || total
---------------------------+-------+-------++-------
   Fire: Shortbow          |    62 |   121 ||   183
Ability: Spit Poison       |    32 |    32 ||    64
    Use: Scroll            |     2 |     8 ||    10
         Potion            |       |     2 ||     2
 Armour: Leather armour    |    13 |    15 ||    28
  Dodge: Dodged            |    16 |    17 ||    33

Table legend:
 A = Non-vault XP
 B = Vault XP
 C = Vault XP percentage of total XP
 D = Non-vault monster count
 E = Vault monster count
 F = Vault count percentage of total count
                 A         B        C        D         E       F
            +---------+---------+-------+---------+---------+-------
      Total |     377 |      38 |   9.2 |      86 |       3 |   3.4
            +---------+---------+-------+---------+---------+-------
        D:1 |      64 |       0 |   0.0 |      31 |       0 |   0.0
        D:2 |      98 |      36 |  26.9 |      19 |       1 |   5.0
        D:3 |      99 |       2 |   2.0 |      22 |       2 |   8.3
        D:4 |     116 |       0 |   0.0 |      14 |       0 |   0.0
            +---------+---------+-------+---------+---------+-------
